Nordiques vs Kings

Created - 15 mars 2018 at 18:12

Goals
1 2 3 T
Nordiques 0 1 0 1
Kings 0 2 4 6
Shots
1 2 3 T
Nordiques 11 19 10 40
Kings 9 12 23 44

1st period

No Goal

Penalties :
Luke Schenn (LAK) for Interference (Minor) at 9:53

2nd period

1. Nordiques , Jaromir Jagr 17 (Patrik Berglund 21) at 2:25
2. Kings , Ryan Kesler 24 (Artem Anisimov 25, Anze Kopitar 34) at 12:38
3. Kings , William Karlsson 8 (Oliver Bjorkstrand 9, Tomas Hertl 21) at 19:20

Penalties :
Evander Kane (QUE) for Roughing (Minor) at 9:07

3rd period

4. Kings , Magnus Paajarvi 8 (Jon Merrill 3, William Karlsson 8) at 10:12
5. Kings , Alex Ovechkin 39 (Danny DeKeyser 13, Anze Kopitar 35) at 13:53
6. Kings , Tomas Hertl 12 (Oliver Bjorkstrand 10, Luke Schenn 6) at 14:30
7. Kings , William Karlsson 9 (Danny DeKeyser 14, Magnus Paajarvi 6) at 16:27

Penalties :
No Penalty

Goalie Stats

Roberto Luongo (QUE), 38 saves from 44 shots - (0,864), L, 32-17-5, 60:00 minutes
Ryan Miller (LAK), 39 saves from 40 shots - (0,975), W, 25-22-4, 60:00 minutes

Players Stats for Nordiques

Player Name              G  A  P  +/- PIM S  H  SB GA TA FO     MP     PP MP  PK MP  
------------------------------------------------------------------------------------
Alexander Wennberg       0  0  0  -1  0   4  1  0  1  0  0/0    16:59   1:07   0:00 
Andrei Markov            0  0  0  -3  0   1  0  2  0  0  0/0    23:20   1:08   1:17 
Connor Brown             0  0  0  -1  0   0  2  0  0  0  1/2    13:45   0:00   0:56 
Derek MacKenzie          0  0  0  -2  0   1  1  0  0  0  0/0     8:43   0:00   0:00 
Evander Kane             0  0  0  -1  2   4  5  0  1  0  0/2    16:58   1:07   0:00 
Jakub Vrana              0  0  0  -2  0   1  0  1  0  0  0/0     8:43   0:00   0:00 
Jamie Benn               0  0  0  -1  0   4  3  0  0  0  2/5    20:33   0:52   1:03 
Jared Spurgeon           0  0  0  -3  0   1  3  3  0  2  0/0    23:20   1:08   1:17 
Jaromir Jagr             1  0  1  -1  0   2  0  0  0  0  0/0    12:49   0:00   0:00 
Kevin Klein              0  0  0   0  0   2  2  0  0  1  0/0    14:20   0:00   0:00 
Kyle Turris              0  0  0  -1  0   3  0  1  0  0  9/20   16:59   1:07   0:00 
Luke Glendening          0  0  0  -2  0   1  3  0  1  0  0/1     8:43   0:00   0:00 
Morgan Rielly            0  0  0  -2  0   4  0  1  0  1  0/0    22:20   0:51   0:42 
Patrik Berglund          0  1  1  -1  0   3  0  0  1  0  5/9    13:45   0:00   0:56 
Ryan O'Reilly            0  0  0  -1  0   0  0  0  1  1  21/31  20:33   0:52   1:03 
Sebastian Aho            0  0  0  -1  0   5  3  0  2  1  0/0    19:30   0:52   0:00 
Shayne Gostisbehere      0  0  0  -2  0   4  2  2  0  0  0/0    22:20   0:51   0:42 
Tom Gilbert              0  0  0   0  0   0  1  0  0  0  0/0    14:20   0:00   0:00 

Players Stats for Kings

Player Name              G  A  P  +/- PIM S  H  SB GA TA FO     MP     PP MP  PK MP  
------------------------------------------------------------------------------------
Alex Ovechkin            1  0  1   0  0   4  0  0  0  0  1/3    20:09   0:54   0:24 
Anze Kopitar             0  2  2   0  0   5  0  1  3  0  14/35  19:41   0:54   0:00 
Artem Anisimov           0  1  1   1  0   2  0  0  1  0  0/1    18:04   1:05   0:00 
Brian Dumoulin           0  0  0   2  0   0  0  2  0  2  0/0    16:20   0:00   0:39 
Cam Fowler               0  0  0   4  0   6  0  1  0  1  0/0    23:12   1:24   0:05 
Danny DeKeyser           0  2  2   4  0   3  0  3  0  0  0/0    22:27   0:00   1:20 
Jason Zucker             0  0  0   1  0   1  2  0  0  0  0/1    13:37   0:00   1:07 
Jon Merrill              0  1  1   3  0   0  2  0  0  0  0/0     8:57   0:00   1:15 
Justin Schultz           0  0  0  -1  0   1  0  0  1  0  0/0    20:38   1:24   0:00 
Luke Schenn              0  1  1  -1  2   0  1  0  0  2  0/0    18:41   0:00   0:00 
Magnus Paajarvi          1  1  2   3  0   3  0  0  0  0  0/0     8:10   0:00   0:28 
Mathieu Perreault        0  0  0   1  0   3  2  1  0  0  1/1    18:04   1:05   0:00 
Michael Del Zotto        0  0  0   2  0   0  2  0  0  1  0/0    16:55   0:35   0:39 
Oliver Bjorkstrand       0  2  2   1  0   2  0  0  0  0  0/0    12:30   0:00   0:00 
Ryan Kesler              1  0  1   1  0   6  3  0  1  1  12/21  18:04   1:05   0:00 
Thomas Vanek             0  0  0   0  0   1  0  2  0  0  0/0    19:41   0:54   0:00 
Tomas Hertl              1  1  2   1  0   2  0  0  0  0  3/5    14:12   0:35   1:07 
William Karlsson         2  1  3   3  0   5  0  0  0  0  1/3     8:38   0:00   0:52 

3 Stars

1 - William Karlsson (LAK)
2 - Ryan Miller (LAK)
3 - Magnus Paajarvi (LAK)

Power Play

Nordiques - 0 on 1 Attempt(s) - 0,00%
Kings - 0 on 1 Attempt(s) - 0,00%

Penalty Kill

Nordiques - 1 on 1 Attempt(s) - 100,00% - Score 0 goal in Penalty Kill
Kings - 1 on 1 Attempt(s) - 100,00% - Score 0 goal in Penalty Kill

Team Stat

Nordiques - Hits : 26 - Faceoff Wins : 38 - Blocked Shots : 10 - Penalty Minutes : 2
Kings - Hits : 12 - Faceoff Wins : 32 - Blocked Shots : 10 - Penalty Minutes : 2

Official

Referees : Rob Martell and Tom Chmielewski
Linesman : Ryan Galloway and Tony Sericolo

Game Notes

16:27 of 3rd period - Kings goal is going for a video replay. After video review, Goal.

Finance

Level 1 -- Attendance: 5861 (97,68%) -- Ticket Income 527 490 $
Level 2 -- Attendance: 4583 (91,66%) -- Ticket Income 229 150 $
Level 3 -- Attendance: 2000 (100,00%) -- Ticket Income 60 000 $
Level 4 -- Attendance: 4000 (100,00%) -- Ticket Income 40 000 $
Luxury Box -- Attendance: 1000 (100,00%) -- Ticket Income 160 000 $
Game was played at the Hollywood Garden.
Total Attendance: 17444 (96,91%)
Total Ticket Income: 1 016 640 $
Other Income: 498 154 $
Total Income: 1 514 794 $

Nordiques

5 vs 5 Forward 
   Center                   Left Wing                Right Wing               Time % Phy DF OF 
 1 Ryan O'Reilly            Jamie Benn               Sebastian Aho            35     0   2  3  
 2 Kyle Turris              Evander Kane             Alexander Wennberg       30     0   2  3  
 3 Patrik Berglund          Jaromir Jagr             Connor Brown             25     0   3  2  
 4 Luke Glendening          Derek MacKenzie          Jakub Vrana              10     0   2  3  

5 vs 5 Defense 
   Defense                  Defense                                           Time % Phy DF OF 
 1 Andrei Markov            Jared Spurgeon                                    38     1   3  1  
 2 Morgan Rielly            Shayne Gostisbehere                               37     1   3  1  
 3 Kevin Klein              Tom Gilbert                                       25     1   3  1  
 4 Andrei Markov            Jared Spurgeon                                    0      1   3  1  

PowerPlay Forward 
   Center                   Left Wing                Right Wing               Time % Phy DF OF 
 1 Ryan O'Reilly            Jamie Benn               Sebastian Aho            51     0   1  4  
 2 Kyle Turris              Evander Kane             Alexander Wennberg       49     0   1  4  

PowerPlay Defense
   Defense                  Defense                                           Time % Phy DF OF 
 1 Andrei Markov            Jared Spurgeon                                    51     1   2  2  
 2 Morgan Rielly            Shayne Gostisbehere                               49     1   2  2  

Penalty Kill 4 Players Forward 
   Center                   Wing                     Time % Phy DF OF 
 1 Ryan O'Reilly            Jamie Benn               50     1   2  2  
 2 Patrik Berglund          Connor Brown             50     1   3  1  

Penalty Kill 4 Players Defense
   Defense                  Defense                  Time % Phy DF OF 
 1 Andrei Markov            Jared Spurgeon           50     1   3  1  
 2 Morgan Rielly            Shayne Gostisbehere      50     1   3  1  

Penalty Kill - 3 Players Forward 
   Forward                                           Time % Phy DF OF 
 1 Ryan O'Reilly                                     50     0   3  2  
 2 Patrik Berglund                                   50     0   3  2  

Penalty Kill - 3 Players Defense
   Defense                  Defense                  Time % Phy DF OF 
 1 Andrei Markov            Jared Spurgeon           50     1   3  1  
 2 Morgan Rielly            Shayne Gostisbehere      50     1   3  1  

4 vs 4 Forward 
   Center                   Wing                     Time % Phy DF OF 
 1 Ryan O'Reilly            Jamie Benn               50     0   2  3  
 2 Kyle Turris              Alexander Wennberg       50     0   2  3  

4 vs 4 Defense
   Defense                  Defense                  Time % Phy DF OF 
 1 Andrei Markov            Jared Spurgeon           50     1   2  2  
 2 Morgan Rielly            Shayne Gostisbehere      50     1   2  2  

Last Minutes Offensive
   Center                   Left Wing                Right Wing               Defense                  Defense                  
   Ryan O'Reilly            Jamie Benn               Sebastian Aho            Andrei Markov            Jared Spurgeon           

Last Minutes Defensive
   Center                   Left Wing                Right Wing               Defense                  Defense                  
   Ryan O'Reilly            Jamie Benn               Sebastian Aho            Andrei Markov            Jared Spurgeon           

Goaltenders
Starting : Roberto Luongo           
Backup : Jonathan Bernier         

Extra Forwards
Normal : Ryan O'Reilly, Jamie Benn, Kyle Turris - PP : Jaromir Jagr, Patrik Berglund - PK : Ryan O'Reilly
Extra Defensemen
Normal : Kevin Klein, Tom Gilbert, Morgan Rielly - PP : Tom Gilbert - PK : Kevin Klein, Tom Gilbert
Penalty Shots
Jamie Benn, Kyle Turris, Sebastian Aho, Patrik Berglund, Ryan O'Reilly
Custom OT Lines Forwards
Jamie Benn, Ryan O'Reilly, Kyle Turris, Alexander Wennberg, Sebastian Aho, Patrik Berglund, Evander Kane, Jaromir Jagr, Connor Brown, Jakub Vrana
Custom OT Lines Defensemen
Jared Spurgeon, Andrei Markov, Morgan Rielly, Shayne Gostisbehere, Kevin Klein

Scratches
John-Michael Liles (Healthy), Paul Carey (Healthy)

Kings

5 vs 5 Forward 
   Center                   Left Wing                Right Wing               Time % Phy DF OF 
 1 Anze Kopitar             Alex Ovechkin            Thomas Vanek             36     0   2  3  
 2 Ryan Kesler              Artem Anisimov           Mathieu Perreault        33     0   2  3  
 3 Tomas Hertl              Jason Zucker             Oliver Bjorkstrand       23     0   2  3  
 4 William Karlsson         Magnus Paajarvi          Jon Merrill              8      1   2  2  

5 vs 5 Defense 
   Defense                  Defense                                           Time % Phy DF OF 
 1 Cam Fowler               Danny DeKeyser                                    38     1   3  1  
 2 Justin Schultz           Luke Schenn                                       33     1   3  1  
 3 Michael Del Zotto        Brian Dumoulin                                    29     1   3  1  
 4 Cam Fowler               Danny DeKeyser                                    0      1   3  1  

PowerPlay Forward 
   Center                   Left Wing                Right Wing               Time % Phy DF OF 
 1 Anze Kopitar             Alex Ovechkin            Thomas Vanek             55     0   1  4  
 2 Ryan Kesler              Artem Anisimov           Mathieu Perreault        45     0   1  4  

PowerPlay Defense
   Defense                  Defense                                           Time % Phy DF OF 
 1 Cam Fowler               Justin Schultz                                    55     1   1  3  
 2 Michael Del Zotto        Tomas Hertl                                       45     1   1  3  

Penalty Kill 4 Players Forward 
   Center                   Wing                     Time % Phy DF OF 
 1 Tomas Hertl              Jason Zucker             60     1   4  0  
 2 William Karlsson         Magnus Paajarvi          40     1   4  0  

Penalty Kill 4 Players Defense
   Defense                  Defense                  Time % Phy DF OF 
 1 Luke Schenn              Danny DeKeyser           60     1   4  0  
 2 Michael Del Zotto        Brian Dumoulin           40     1   4  0  

Penalty Kill - 3 Players Forward 
   Forward                                           Time % Phy DF OF 
 1 Ryan Kesler                                       60     1   4  0  
 2 Tomas Hertl                                       40     1   4  0  

Penalty Kill - 3 Players Defense
   Defense                  Defense                  Time % Phy DF OF 
 1 Cam Fowler               Danny DeKeyser           60     1   4  0  
 2 Luke Schenn              Jon Merrill              40     1   4  0  

4 vs 4 Forward 
   Center                   Wing                     Time % Phy DF OF 
 1 Anze Kopitar             Alex Ovechkin            55     0   2  3  
 2 Ryan Kesler              Artem Anisimov           45     1   2  2  

4 vs 4 Defense
   Defense                  Defense                  Time % Phy DF OF 
 1 Cam Fowler               Danny DeKeyser           55     1   2  2  
 2 Justin Schultz           Luke Schenn              45     1   2  2  

Last Minutes Offensive
   Center                   Left Wing                Right Wing               Defense                  Defense                  
   Anze Kopitar             Alex Ovechkin            Thomas Vanek             Cam Fowler               Justin Schultz           

Last Minutes Defensive
   Center                   Left Wing                Right Wing               Defense                  Defense                  
   Ryan Kesler              Anze Kopitar             William Karlsson         Cam Fowler               Danny DeKeyser           

Goaltenders
Starting : Ryan Miller              
Backup : Alex Stalock             

Extra Forwards
Normal : Tomas Hertl, Mathieu Perreault, William Karlsson - PP : Tomas Hertl, William Karlsson - PK : Tomas Hertl
Extra Defensemen
Normal : Justin Schultz, Brian Dumoulin, Cam Fowler - PP : Danny DeKeyser - PK : Jon Merrill, Cam Fowler
Penalty Shots
Thomas Vanek, William Karlsson, Anze Kopitar, Alex Ovechkin, Artem Anisimov
Custom OT Lines Forwards
Alex Ovechkin, Ryan Kesler, Artem Anisimov, Anze Kopitar, Thomas Vanek, Jason Zucker, Mathieu Perreault, Tomas Hertl, Magnus Paajarvi, William Karlsson
Custom OT Lines Defensemen
Justin Schultz, Cam Fowler, Brian Dumoulin, Michael Del Zotto, Danny DeKeyser

Scratches
Semyon Varlamov (Healthy)

% Time on Ice - Nordiques

Lines # - Real PCT - Wanted PCT - Time Play
Normal Forward
1 - 33% - 35% - 18:38
2 - 28% - 30% - 15:52
3 - 23% - 25% - 12:49
4 - 16% - 10% - 8:43
Normal Defense
1 - 37% - 38% - 20:55
2 - 37% - 37% - 20:47
3 - 26% - 25% - 14:20
4 - 0% - 0% - 0:00
PP Forward
1 - 44% - 51% - 0:52
2 - 56% - 49% - 1:07
PP Defense
1 - 57% - 51% - 1:08
2 - 43% - 49% - 0:51
PK Forward
1 - 53% - 50% - 1:03
2 - 47% - 50% - 0:56
PK Defense
1 - 65% - 50% - 1:17
2 - 35% - 50% - 0:42
PK3 Forward
1 - 0% - 50%
2 - 0% - 50%
PK3 Defense
1 - 0% - 50%
2 - 0% - 50%
44 Forward
1 - 0% - 50%
2 - 0% - 50%
44 Defense
1 - 0% - 50%
2 - 0% - 50%
Last Minute Offensive  - 0:00
Last Minute Defensive  - 0:00
Total
Forward - 60:00
Defense - 60:00

% Time on Ice - Kings

Lines # - Real PCT - Wanted PCT - Time Play
Normal Forward
1 - 34% - 36% - 18:51
2 - 30% - 33% - 16:59
3 - 22% - 23% - 12:30
4 - 14% - 8% - 7:42
Normal Defense
1 - 39% - 38% - 21:43
2 - 33% - 33% - 18:38
3 - 28% - 29% - 15:41
4 - 0% - 0% - 0:00
PP Forward
1 - 45% - 55% - 0:54
2 - 55% - 45% - 1:05
PP Defense
1 - 71% - 55% - 1:24
2 - 29% - 45% - 0:35
PK Forward
1 - 76% - 60% - 1:31
2 - 24% - 40% - 0:28
PK Defense
1 - 67% - 60% - 1:20
2 - 33% - 40% - 0:39
PK3 Forward
1 - 0% - 60%
2 - 0% - 40%
PK3 Defense
1 - 0% - 60%
2 - 0% - 40%
44 Forward
1 - 0% - 55%
2 - 0% - 45%
44 Defense
1 - 0% - 55%
2 - 0% - 45%
Last Minute Offensive  - 0:00
Last Minute Defensive  - 0:00
Total
Forward - 60:00
Defense - 60:00

Play by Play

1st period


0:01 of 1st period - Ryan O'Reilly wins face-off versus Anze Kopitar in neutral zone.
0:08 of 1st period - Slapshot by Sebastian Aho.
0:08 of 1st period - Stopped by Ryan Miller without a rebound.
0:09 of 1st period - Ryan O'Reilly wins face-off versus Anze Kopitar in Kings zone.
0:33 of 1st period - Off-side.
0:34 of 1st period - Ryan Kesler wins face-off versus Kyle Turris in neutral zone.
1:15 of 1st period - Oliver Bjorkstrand is hit by Shayne Gostisbehere and loses puck.
1:34 of 1st period - Wrist shot by William Karlsson.
1:34 of 1st period - Shot Misses the Net.
2:12 of 1st period - Evander Kane is hit by Ryan Kesler and loses puck.
2:28 of 1st period - Jason Zucker is hit by Jared Spurgeon and loses puck.
2:37 of 1st period - Slapshot by Patrik Berglund.
2:37 of 1st period - Stopped by Ryan Miller with a rebound.
2:53 of 1st period - Danny DeKeyser is hit by Sebastian Aho and loses puck.
3:00 of 1st period - Slapshot by Cam Fowler.
3:00 of 1st period - Stopped by Roberto Luongo without a rebound.
3:01 of 1st period - Ryan Kesler wins face-off versus Evander Kane in Nordiques zone.
3:04 of 1st period - Wrist shot by Ryan Kesler.
3:04 of 1st period - Stopped by Roberto Luongo without a rebound.
3:05 of 1st period - Kyle Turris wins face-off versus Ryan Kesler in Nordiques zone.
3:36 of 1st period - Snap shot by Patrik Berglund.
3:36 of 1st period - Stopped by Ryan Miller with a rebound.
3:38 of 1st period - Snap shot by Patrik Berglund.
3:38 of 1st period - Shot Blocked by Anze Kopitar.
3:40 of 1st period - Slapshot by Andrei Markov.
3:40 of 1st period - Shot Misses the Net.
4:34 of 1st period - Derek MacKenzie is hit by Jon Merrill and loses puck.
4:55 of 1st period - Alex Ovechkin is hit by Evander Kane and loses puck.
5:48 of 1st period - Slapshot by Mathieu Perreault.
5:48 of 1st period - Shot Misses the Net.
6:02 of 1st period - Shayne Gostisbehere is hit by Jon Merrill and loses puck.
6:30 of 1st period - Icing by Jakub Vrana.
6:31 of 1st period - Tomas Hertl wins face-off versus Patrik Berglund in Nordiques zone.
6:40 of 1st period - Snap shot by Oliver Bjorkstrand.
6:40 of 1st period - Deflect By Tomas Hertl.
6:40 of 1st period - Stopped by Roberto Luongo with a rebound.
7:00 of 1st period - Snap shot by Kyle Turris.
7:00 of 1st period - Stopped by Ryan Miller without a rebound.
7:01 of 1st period - Kyle Turris wins face-off versus Ryan Kesler in Kings zone.
7:02 of 1st period - Wrist shot by Evander Kane.
7:02 of 1st period - Stopped by Ryan Miller without a rebound.
7:03 of 1st period - Mathieu Perreault wins face-off versus Kyle Turris in Kings zone.
7:14 of 1st period - Snap shot by Artem Anisimov.
7:14 of 1st period - Deflect By Ryan Kesler.
7:14 of 1st period - Stopped by Roberto Luongo without a rebound.
7:15 of 1st period - Ryan O'Reilly wins face-off versus Anze Kopitar in Nordiques zone.
7:47 of 1st period - Snap shot by Patrik Berglund.
7:47 of 1st period - Stopped by Ryan Miller with a rebound.
8:27 of 1st period - Alex Ovechkin is hit by Tom Gilbert and loses puck.
8:48 of 1st period - Snap shot by William Karlsson.
8:48 of 1st period - Deflect By Jamie Benn.
8:48 of 1st period - Stopped by Roberto Luongo without a rebound.
8:49 of 1st period - Ryan O'Reilly wins face-off versus Ryan Kesler in Nordiques zone.
8:58 of 1st period - Slapshot by Jamie Benn.
8:58 of 1st period - Deflect By Sebastian Aho.
8:58 of 1st period - Deflect By Cam Fowler.
8:58 of 1st period - Shot Misses the Net.
8:58 of 1st period - Puck is out of play.
8:59 of 1st period - Ryan Kesler wins face-off versus Ryan O'Reilly in Kings zone.
9:19 of 1st period - Slapshot by Mathieu Perreault.
9:19 of 1st period - Shot Misses the Net.
9:44 of 1st period - Off-side.
9:45 of 1st period - Anze Kopitar wins face-off versus Kyle Turris in neutral zone.
9:53 of 1st period - Minor Penalty to Luke Schenn for Interference.
9:54 of 1st period - Tomas Hertl wins face-off versus Evander Kane in Kings zone.
9:54 of 1st period - Tomas Hertl is hit by Alexander Wennberg.
10:30 of 1st period - Slapshot by Jamie Benn.
10:30 of 1st period - Stopped by Ryan Miller without a rebound.
10:31 of 1st period - Kyle Turris wins face-off versus William Karlsson in Kings zone.
10:42 of 1st period - Wrist shot by William Karlsson.
10:42 of 1st period - Stopped by Roberto Luongo with a rebound.
11:53 of 1st period - Penalty to Luke Schenn is over, Luke Schenn is back on ice.
12:12 of 1st period - Slapshot by Ryan Kesler.
12:12 of 1st period - Stopped by Roberto Luongo without a rebound.
12:13 of 1st period - Anze Kopitar wins face-off versus Luke Glendening in Nordiques zone.
12:36 of 1st period - Mathieu Perreault is hit by Sebastian Aho and loses puck.
13:05 of 1st period - Wrist shot by Kyle Turris.
13:05 of 1st period - Shot Misses the Net.
13:41 of 1st period - Snap shot by Oliver Bjorkstrand.
13:41 of 1st period - Shot Blocked by Morgan Rielly.
13:43 of 1st period - Snap shot by Tomas Hertl.
13:43 of 1st period - Shot Misses the Net.
13:57 of 1st period - Wrist shot by Jason Zucker.
13:57 of 1st period - Stopped by Roberto Luongo with a rebound.
14:03 of 1st period - Snap shot by Oliver Bjorkstrand.
14:03 of 1st period - Stopped by Roberto Luongo without a rebound.
14:04 of 1st period - Anze Kopitar wins face-off versus Kyle Turris in Nordiques zone.
14:14 of 1st period - Thomas Vanek is hit by Kevin Klein and loses puck.
15:19 of 1st period - Wrist shot by Alexander Wennberg.
15:19 of 1st period - Shot Blocked by Danny DeKeyser.
15:21 of 1st period - Slapshot by Kevin Klein.
15:21 of 1st period - Shot Misses the Net.
15:23 of 1st period - Slapshot by Evander Kane.
15:23 of 1st period - Shot Misses the Net.
15:25 of 1st period - Wrist shot by Kyle Turris.
15:25 of 1st period - Shot Blocked by Danny DeKeyser.
15:39 of 1st period - Luke Glendening is hit by Ryan Kesler and loses puck.
16:46 of 1st period - Michael Del Zotto is hit by Evander Kane and loses puck.
16:51 of 1st period - Snap shot by Alexander Wennberg.
16:51 of 1st period - Stopped by Ryan Miller without a rebound.
16:52 of 1st period - Ryan Kesler wins face-off versus Ryan O'Reilly in Kings zone.
17:05 of 1st period - Michael Del Zotto is hit by Jamie Benn.
17:25 of 1st period - Tomas Hertl is hit by Evander Kane and loses puck.
17:32 of 1st period - Wrist shot by Alexander Wennberg.
17:32 of 1st period - Stopped by Ryan Miller with a rebound.
17:42 of 1st period - Brian Dumoulin is hit by Luke Glendening and loses puck.
17:49 of 1st period - Wrist shot by Luke Glendening.
17:49 of 1st period - Shot Misses the Net.
17:55 of 1st period - Wrist shot by Jakub Vrana.
17:55 of 1st period - Shot Blocked by Brian Dumoulin.
18:52 of 1st period - Jon Merrill is hit by Jared Spurgeon.
18:56 of 1st period - Snap shot by Ryan O'Reilly.
18:56 of 1st period - Shot Misses the Net.
19:12 of 1st period - Anze Kopitar is hit by Luke Glendening and loses puck.
19:21 of 1st period - Wrist shot by Jakub Vrana.
19:21 of 1st period - Stopped by Ryan Miller with a rebound.
19:57 of 1st period - Wrist shot by Evander Kane.
19:57 of 1st period - Deflect By Justin Schultz.
19:57 of 1st period - Stopped by Ryan Miller with a rebound.
Goals for this period are 0 for Nordiques vs 0 for Kings.
Shots for this period are 11 for Nordiques vs 9 for Kings.

2nd period


0:01 of 2nd period - Ryan O'Reilly wins face-off versus Anze Kopitar in neutral zone.
0:08 of 2nd period - Wrist shot by Sebastian Aho.
0:08 of 2nd period - Deflect By Jamie Benn.
0:08 of 2nd period - Shot Blocked by Thomas Vanek.
0:08 of 2nd period - Puck is out of play.
0:09 of 2nd period - Ryan O'Reilly wins face-off versus Alex Ovechkin in Kings zone.
0:39 of 2nd period - Icing by Anze Kopitar.
0:40 of 2nd period - Patrik Berglund wins face-off versus Anze Kopitar in Kings zone.
0:41 of 2nd period - Slapshot by Shayne Gostisbehere.
0:41 of 2nd period - Shot Blocked by Danny DeKeyser.
0:43 of 2nd period - Slapshot by Shayne Gostisbehere.
0:43 of 2nd period - Stopped by Ryan Miller with a rebound.
1:48 of 2nd period - Backhand shot by Sebastian Aho.
1:48 of 2nd period - Stopped by Ryan Miller with a rebound.
1:50 of 2nd period - Slapshot by Jared Spurgeon.
1:50 of 2nd period - Stopped by Ryan Miller without a rebound.
1:51 of 2nd period - Ryan O'Reilly wins face-off versus William Karlsson in Kings zone.
2:21 of 2nd period - Wrist shot by Jamie Benn.
2:21 of 2nd period - Stopped by Ryan Miller with a rebound.
2:23 of 2nd period - Wrist shot by Sebastian Aho.
2:23 of 2nd period - Stopped by Ryan Miller without a rebound.
2:24 of 2nd period - Patrik Berglund wins face-off versus Anze Kopitar in Kings zone.
2:25 of 2nd period - Snap shot by Jaromir Jagr.
2:25 of 2nd period - Goal by Jaromir Jagr - Nordiques : 1 - Kings : 0.
2:26 of 2nd period - Anze Kopitar wins face-off versus Kyle Turris in neutral zone.
2:51 of 2nd period - Artem Anisimov is hit by Connor Brown and loses puck.
3:03 of 2nd period - Off-side.
3:04 of 2nd period - Anze Kopitar wins face-off versus Ryan O'Reilly in neutral zone.
3:20 of 2nd period - Off-side.
3:21 of 2nd period - Connor Brown wins face-off versus Ryan Kesler in neutral zone.
3:24 of 2nd period - Slapshot by Andrei Markov.
3:24 of 2nd period - Shot Blocked by Mathieu Perreault.
3:34 of 2nd period - Wrist shot by Mathieu Perreault.
3:34 of 2nd period - Shot Blocked by Andrei Markov.
3:36 of 2nd period - Snap shot by Artem Anisimov.
3:36 of 2nd period - Shot Blocked by Jared Spurgeon.
3:38 of 2nd period - Snap shot by Ryan Kesler.
3:38 of 2nd period - Stopped by Roberto Luongo with a rebound.
4:07 of 2nd period - Wrist shot by Jaromir Jagr.
4:07 of 2nd period - Shot Misses the Net.
4:09 of 2nd period - Slapshot by Andrei Markov.
4:09 of 2nd period - Stopped by Ryan Miller without a rebound.
4:10 of 2nd period - Kyle Turris wins face-off versus Anze Kopitar in Kings zone.
5:14 of 2nd period - Snap shot by Oliver Bjorkstrand.
5:14 of 2nd period - Shot Misses the Net.
6:43 of 2nd period - Wrist shot by Tomas Hertl.
6:43 of 2nd period - Shot Misses the Net.
7:12 of 2nd period - Magnus Paajarvi is hit by Shayne Gostisbehere and loses puck.
8:02 of 2nd period - Backhand shot by Cam Fowler.
8:02 of 2nd period - Stopped by Roberto Luongo without a rebound.
8:03 of 2nd period - Ryan O'Reilly wins face-off versus Ryan Kesler in Nordiques zone.
8:10 of 2nd period - Slapshot by Andrei Markov.
8:10 of 2nd period - Shot Misses the Net.
8:12 of 2nd period - Snap shot by Sebastian Aho.
8:12 of 2nd period - Shot Misses the Net.
8:14 of 2nd period - Slapshot by Jared Spurgeon.
8:14 of 2nd period - Shot Blocked by Brian Dumoulin.
9:07 of 2nd period - Minor Penalty to Evander Kane for Roughing.
9:08 of 2nd period - Ryan O'Reilly wins face-off versus Anze Kopitar in Nordiques zone.
9:15 of 2nd period - Wrist shot by Jamie Benn.
9:15 of 2nd period - Shot Blocked by Cam Fowler.
9:56 of 2nd period - Shayne Gostisbehere is hit by Mathieu Perreault and loses puck.
10:07 of 2nd period - Snap shot by Artem Anisimov.
10:07 of 2nd period - Shot Misses the Net.
10:09 of 2nd period - Snap shot by Artem Anisimov.
10:09 of 2nd period - Shot Blocked by Shayne Gostisbehere.
10:11 of 2nd period - Wrist shot by Mathieu Perreault.
10:11 of 2nd period - Stopped by Roberto Luongo without a rebound.
10:12 of 2nd period - Patrik Berglund wins face-off versus Anze Kopitar in Nordiques zone.
10:37 of 2nd period - Michael Del Zotto is hit by Jamie Benn and loses puck.
11:07 of 2nd period - Penalty to Evander Kane is over, Evander Kane is back on ice.
11:14 of 2nd period - William Karlsson is hit by Evander Kane and loses puck.
11:33 of 2nd period - Jon Merrill is hit by Luke Glendening and loses puck.
11:38 of 2nd period - Slapshot by Shayne Gostisbehere.
11:38 of 2nd period - Deflect By Cam Fowler.
11:38 of 2nd period - Stopped by Ryan Miller with a rebound.
11:40 of 2nd period - Snap shot by Derek MacKenzie.
11:40 of 2nd period - Stopped by Ryan Miller with a rebound.
11:42 of 2nd period - Slapshot by Morgan Rielly.
11:42 of 2nd period - Stopped by Ryan Miller without a rebound.
11:43 of 2nd period - Tomas Hertl wins face-off versus Ryan O'Reilly in Kings zone.
12:08 of 2nd period - Slapshot by Shayne Gostisbehere.
12:08 of 2nd period - Shot Blocked by Thomas Vanek.
12:10 of 2nd period - Snap shot by Kyle Turris.
12:10 of 2nd period - Stopped by Ryan Miller with a rebound.
12:12 of 2nd period - Wrist shot by Evander Kane.
12:12 of 2nd period - Stopped by Ryan Miller with a rebound.
12:14 of 2nd period - Slapshot by Morgan Rielly.
12:14 of 2nd period - Stopped by Ryan Miller with a rebound.
12:32 of 2nd period - Wrist shot by Anze Kopitar.
12:32 of 2nd period - Stopped by Roberto Luongo with a rebound.
12:34 of 2nd period - Snap shot by Ryan Kesler.
12:34 of 2nd period - Shot Misses the Net.
12:36 of 2nd period - Wrist shot by Artem Anisimov.
12:36 of 2nd period - Shot Blocked by Jared Spurgeon.
12:38 of 2nd period - Wrist shot by Ryan Kesler.
12:38 of 2nd period - Goal by Ryan Kesler - Nordiques : 1 - Kings : 1.
12:39 of 2nd period - Ryan O'Reilly wins face-off versus Anze Kopitar in neutral zone.
12:52 of 2nd period - Backhand shot by Anze Kopitar.
12:52 of 2nd period - Stopped by Roberto Luongo with a rebound.
12:54 of 2nd period - Snap shot by Danny DeKeyser.
12:54 of 2nd period - Stopped by Roberto Luongo without a rebound.
12:55 of 2nd period - Ryan Kesler wins face-off versus Kyle Turris in Nordiques zone.
13:02 of 2nd period - Backhand shot by Ryan Kesler.
13:02 of 2nd period - Shot Misses the Net.
13:04 of 2nd period - Slapshot by Justin Schultz.
13:04 of 2nd period - Shot Blocked by Shayne Gostisbehere.
13:18 of 2nd period - Icing by Shayne Gostisbehere.
13:19 of 2nd period - Kyle Turris wins face-off versus Anze Kopitar in Nordiques zone.
13:21 of 2nd period - Icing by Shayne Gostisbehere.
13:22 of 2nd period - Anze Kopitar wins face-off versus Ryan O'Reilly in Nordiques zone.
13:37 of 2nd period - Slapshot by Shayne Gostisbehere.
13:37 of 2nd period - Stopped by Ryan Miller without a rebound.
13:38 of 2nd period - Ryan Kesler wins face-off versus Patrik Berglund in Kings zone.
13:45 of 2nd period - Wrist shot by Mathieu Perreault.
13:45 of 2nd period - Shot Misses the Net.
13:47 of 2nd period - Wrist shot by Artem Anisimov.
13:47 of 2nd period - Shot Misses the Net.
13:51 of 2nd period - Wrist shot by Ryan Kesler.
13:51 of 2nd period - Deflect By Artem Anisimov.
13:51 of 2nd period - Stopped by Roberto Luongo without a rebound.
13:52 of 2nd period - Ryan O'Reilly wins face-off versus Anze Kopitar in Nordiques zone.
14:07 of 2nd period - Wrist shot by Alex Ovechkin.
14:07 of 2nd period - Stopped by Roberto Luongo with a rebound.
15:49 of 2nd period - Slapshot by Morgan Rielly.
15:49 of 2nd period - Stopped by Ryan Miller without a rebound.
15:50 of 2nd period - Ryan O'Reilly wins face-off versus Anze Kopitar in Kings zone.
15:57 of 2nd period - Snap shot by Alex Ovechkin.
15:57 of 2nd period - Deflect By Anze Kopitar.
15:57 of 2nd period - Shot Misses the Net.
15:57 of 2nd period - Puck is out of play.
15:58 of 2nd period - Ryan O'Reilly wins face-off versus Anze Kopitar in Nordiques zone.
16:23 of 2nd period - Sebastian Aho is hit by Luke Schenn and loses puck.
16:34 of 2nd period - Slapshot by Jamie Benn.
16:34 of 2nd period - Shot Misses the Net.
16:36 of 2nd period - Slapshot by Kevin Klein.
16:36 of 2nd period - Stopped by Ryan Miller without a rebound.
16:37 of 2nd period - Kyle Turris wins face-off versus Ryan Kesler in Kings zone.
16:44 of 2nd period - Wrist shot by Kyle Turris.
16:44 of 2nd period - Stopped by Ryan Miller without a rebound.
16:45 of 2nd period - Kyle Turris wins face-off versus Ryan Kesler in Kings zone.
16:48 of 2nd period - Snap shot by Alexander Wennberg.
16:48 of 2nd period - Shot Misses the Net.
17:11 of 2nd period - Slapshot by Mathieu Perreault.
17:11 of 2nd period - Stopped by Roberto Luongo without a rebound.
17:12 of 2nd period - Anze Kopitar wins face-off versus Jamie Benn in Nordiques zone.
17:15 of 2nd period - Wrist shot by Thomas Vanek.
17:15 of 2nd period - Stopped by Roberto Luongo with a rebound.
18:07 of 2nd period - Off-side.
18:08 of 2nd period - Ryan O'Reilly wins face-off versus Anze Kopitar in neutral zone.
19:01 of 2nd period - Backhand shot by Evander Kane.
19:01 of 2nd period - Stopped by Ryan Miller with a rebound.
19:03 of 2nd period - Wrist shot by Kevin Klein.
19:03 of 2nd period - Stopped by Ryan Miller with a rebound.
19:20 of 2nd period - Snap shot by William Karlsson.
19:20 of 2nd period - Goal by William Karlsson - Nordiques : 1 - Kings : 2.
19:21 of 2nd period - Ryan O'Reilly wins face-off versus Anze Kopitar in neutral zone.
Goals for this period are 1 for Nordiques vs 2 for Kings.
Shots for this period are 19 for Nordiques vs 12 for Kings.

3rd period


0:01 of 3rd period - Ryan O'Reilly wins face-off versus Alex Ovechkin in neutral zone.
0:06 of 3rd period - Slapshot by Shayne Gostisbehere.
0:06 of 3rd period - Stopped by Ryan Miller without a rebound.
0:07 of 3rd period - Ryan O'Reilly wins face-off versus Anze Kopitar in Kings zone.
0:08 of 3rd period - Slapshot by Sebastian Aho.
0:08 of 3rd period - Stopped by Ryan Miller with a rebound.
0:38 of 3rd period - Snap shot by Alexander Wennberg.
0:38 of 3rd period - Stopped by Ryan Miller without a rebound.
0:39 of 3rd period - Ryan Kesler wins face-off versus Kyle Turris in Kings zone.
1:08 of 3rd period - Icing by Luke Schenn.
1:09 of 3rd period - Anze Kopitar wins face-off versus Jamie Benn in Kings zone.
2:05 of 3rd period - Snap shot by William Karlsson.
2:05 of 3rd period - Shot Misses the Net.
2:45 of 3rd period - Snap shot by Luke Glendening.
2:45 of 3rd period - Stopped by Ryan Miller without a rebound.
2:46 of 3rd period - Ryan O'Reilly wins face-off versus Ryan Kesler in Kings zone.
2:47 of 3rd period - Snap shot by Jamie Benn.
2:47 of 3rd period - Stopped by Ryan Miller without a rebound.
2:48 of 3rd period - Ryan Kesler wins face-off versus Ryan O'Reilly in Kings zone.
2:57 of 3rd period - Snap shot by Mathieu Perreault.
2:57 of 3rd period - Deflect By Artem Anisimov.
2:57 of 3rd period - Deflect By Andrei Markov.
2:57 of 3rd period - Stopped by Roberto Luongo without a rebound.
2:58 of 3rd period - Anze Kopitar wins face-off versus Connor Brown in Nordiques zone.
2:59 of 3rd period - Wrist shot by Alex Ovechkin.
2:59 of 3rd period - Shot Blocked by Andrei Markov.
3:34 of 3rd period - Snap shot by Mathieu Perreault.
3:34 of 3rd period - Stopped by Roberto Luongo without a rebound.
3:35 of 3rd period - Kyle Turris wins face-off versus Jason Zucker in Nordiques zone.
3:35 of 3rd period - Kyle Turris is hit by Jason Zucker.
4:09 of 3rd period - Wrist shot by Sebastian Aho.
4:09 of 3rd period - Shot Misses the Net.
4:41 of 3rd period - Snap shot by Anze Kopitar.
4:41 of 3rd period - Stopped by Roberto Luongo with a rebound.
5:04 of 3rd period - Icing by Morgan Rielly.
5:05 of 3rd period - Ryan Kesler wins face-off versus Patrik Berglund in Nordiques zone.
5:36 of 3rd period - Snap shot by Sebastian Aho.
5:36 of 3rd period - Shot Misses the Net.
5:38 of 3rd period - Wrist shot by Morgan Rielly.
5:38 of 3rd period - Stopped by Ryan Miller without a rebound.
5:39 of 3rd period - Kyle Turris wins face-off versus Tomas Hertl in Kings zone.
6:09 of 3rd period - Backhand shot by Magnus Paajarvi.
6:09 of 3rd period - Stopped by Roberto Luongo without a rebound.
6:10 of 3rd period - William Karlsson wins face-off versus Ryan O'Reilly in Nordiques zone.
6:11 of 3rd period - Slapshot by Cam Fowler.
6:11 of 3rd period - Stopped by Roberto Luongo without a rebound.
6:12 of 3rd period - Ryan Kesler wins face-off versus Ryan O'Reilly in Nordiques zone.
6:24 of 3rd period - Off-side.
6:25 of 3rd period - Ryan O'Reilly wins face-off versus Anze Kopitar in neutral zone.
6:27 of 3rd period - Jared Spurgeon is hit by Michael Del Zotto and loses puck.
6:52 of 3rd period - Jared Spurgeon is hit by Michael Del Zotto and loses puck.
7:15 of 3rd period - Slapshot by Cam Fowler.
7:15 of 3rd period - Stopped by Roberto Luongo without a rebound.
7:16 of 3rd period - Patrik Berglund wins face-off versus Tomas Hertl in Nordiques zone.
9:04 of 3rd period - Tomas Hertl is hit by Jared Spurgeon and loses puck.
10:06 of 3rd period - Wrist shot by Magnus Paajarvi.
10:06 of 3rd period - Stopped by Roberto Luongo with a rebound.
10:08 of 3rd period - Wrist shot by William Karlsson.
10:08 of 3rd period - Stopped by Roberto Luongo with a rebound.
10:10 of 3rd period - Snap shot by Jon Merrill.
10:10 of 3rd period - Shot Misses the Net.
10:12 of 3rd period - Wrist shot by Magnus Paajarvi.
10:12 of 3rd period - Goal by Magnus Paajarvi - Nordiques : 1 - Kings : 3.
10:13 of 3rd period - Jamie Benn wins face-off versus Anze Kopitar in neutral zone.
10:16 of 3rd period - Justin Schultz is hit by Jamie Benn and loses puck.
10:29 of 3rd period - Wrist shot by Thomas Vanek.
10:29 of 3rd period - Shot Misses the Net.
10:39 of 3rd period - Justin Schultz is hit by Evander Kane and loses puck.
10:48 of 3rd period - Snap shot by Alexander Wennberg.
10:48 of 3rd period - Shot Misses the Net.
10:50 of 3rd period - Snap shot by Tom Gilbert.
10:50 of 3rd period - Deflect By Alexander Wennberg.
10:50 of 3rd period - Stopped by Ryan Miller without a rebound.
10:51 of 3rd period - Alex Ovechkin wins face-off versus Patrik Berglund in Kings zone.
11:04 of 3rd period - Slapshot by Anze Kopitar.
11:04 of 3rd period - Stopped by Roberto Luongo without a rebound.
11:05 of 3rd period - Jamie Benn wins face-off versus Artem Anisimov in Nordiques zone.
11:16 of 3rd period - Snap shot by Sebastian Aho.
11:16 of 3rd period - Stopped by Ryan Miller with a rebound.
11:55 of 3rd period - Justin Schultz is hit by Kevin Klein and loses puck.
12:14 of 3rd period - Jon Merrill is hit by Connor Brown and loses puck.
13:07 of 3rd period - Snap shot by Oliver Bjorkstrand.
13:07 of 3rd period - Stopped by Roberto Luongo without a rebound.
13:08 of 3rd period - Patrik Berglund wins face-off versus Anze Kopitar in Nordiques zone.
13:21 of 3rd period - Wrist shot by Jaromir Jagr.
13:21 of 3rd period - Stopped by Ryan Miller without a rebound.
13:22 of 3rd period - Ryan O'Reilly wins face-off versus Ryan Kesler in Kings zone.
13:29 of 3rd period - Wrist shot by Jamie Benn.
13:29 of 3rd period - Stopped by Ryan Miller with a rebound.
13:35 of 3rd period - Slapshot by Justin Schultz.
13:35 of 3rd period - Shot Misses the Net.
13:37 of 3rd period - Slapshot by Justin Schultz.
13:37 of 3rd period - Stopped by Roberto Luongo without a rebound.
13:38 of 3rd period - Anze Kopitar wins face-off versus Kyle Turris in Nordiques zone.
13:47 of 3rd period - Wrist shot by Anze Kopitar.
13:47 of 3rd period - Stopped by Roberto Luongo with a rebound.
13:49 of 3rd period - Slapshot by Danny DeKeyser.
13:49 of 3rd period - Stopped by Roberto Luongo with a rebound.
13:51 of 3rd period - Snap shot by Alex Ovechkin.
13:51 of 3rd period - Stopped by Roberto Luongo with a rebound.
13:53 of 3rd period - Wrist shot by Alex Ovechkin.
13:53 of 3rd period - Goal by Alex Ovechkin - Nordiques : 1 - Kings : 4.
13:54 of 3rd period - Anze Kopitar wins face-off versus Ryan O'Reilly in neutral zone.
14:19 of 3rd period - Morgan Rielly is hit by Jason Zucker and loses puck.
14:30 of 3rd period - Backhand shot by Tomas Hertl.
14:30 of 3rd period - Goal by Tomas Hertl - Nordiques : 1 - Kings : 5.
14:31 of 3rd period - Anze Kopitar wins face-off versus Kyle Turris in neutral zone.
14:36 of 3rd period - Slapshot by Cam Fowler.
14:36 of 3rd period - Shot Blocked by Kyle Turris.
14:38 of 3rd period - Snap shot by Alex Ovechkin.
14:38 of 3rd period - Shot Misses the Net.
14:40 of 3rd period - Slapshot by Cam Fowler.
14:40 of 3rd period - Shot Misses the Net.
14:42 of 3rd period - Slapshot by Cam Fowler.
14:42 of 3rd period - Stopped by Roberto Luongo with a rebound.
14:44 of 3rd period - Snap shot by Anze Kopitar.
14:44 of 3rd period - Shot Blocked by Jared Spurgeon.
14:46 of 3rd period - Backhand shot by Cam Fowler.
14:46 of 3rd period - Stopped by Roberto Luongo without a rebound.
14:47 of 3rd period - Ryan Kesler wins face-off versus Ryan O'Reilly in Nordiques zone.
14:52 of 3rd period - Snap shot by Artem Anisimov.
14:52 of 3rd period - Shot Misses the Net.
14:54 of 3rd period - Slapshot by Danny DeKeyser.
14:54 of 3rd period - Stopped by Roberto Luongo without a rebound.
14:55 of 3rd period - Ryan Kesler wins face-off versus Jamie Benn in Nordiques zone.
15:02 of 3rd period - Wrist shot by Ryan Kesler.
15:02 of 3rd period - Stopped by Roberto Luongo without a rebound.
15:03 of 3rd period - Anze Kopitar wins face-off versus Kyle Turris in Nordiques zone.
15:33 of 3rd period - Kevin Klein is hit by Mathieu Perreault and loses puck.
16:07 of 3rd period - Snap shot by Sebastian Aho.
16:07 of 3rd period - Shot Misses the Net.
16:23 of 3rd period - Wrist shot by Magnus Paajarvi.
16:23 of 3rd period - Shot Misses the Net.
16:25 of 3rd period - Slapshot by Danny DeKeyser.
16:25 of 3rd period - Shot Blocked by Jakub Vrana.
16:27 of 3rd period - Snap shot by William Karlsson.
16:27 of 3rd period - Kings goal is going for a video replay.
16:27 of 3rd period - The goal is good.
16:27 of 3rd period - Goal by William Karlsson - Nordiques : 1 - Kings : 6.
16:28 of 3rd period - Anze Kopitar wins face-off versus Kyle Turris in neutral zone.
16:53 of 3rd period - Artem Anisimov is hit by Sebastian Aho and loses puck.
18:21 of 3rd period - Off-side.
18:22 of 3rd period - Ryan O'Reilly wins face-off versus Anze Kopitar in neutral zone.
18:35 of 3rd period - Slapshot by Alex Ovechkin.
18:35 of 3rd period - Stopped by Roberto Luongo with a rebound.
18:49 of 3rd period - Tom Gilbert is hit by Ryan Kesler and loses puck.
19:18 of 3rd period - Snap shot by Evander Kane.
19:18 of 3rd period - Shot Misses the Net.
19:30 of 3rd period - Justin Schultz is hit by Derek MacKenzie and loses puck.
Goals for this period are 0 for Nordiques vs 4 for Kings.
Shots for this period are 10 for Nordiques vs 23 for Kings.